 Dungeon Crawl Stone Soup version 0.28-a0-628-g3c9886e45e (webtiles) character file.

Game seed: 8664160187307392225

31 kae the Ruffian (level 3, -2/29 HPs)
             Began as a Draconian Transmuter on Oct 8, 2021.
             Slain by an iguana (12 damage)
             ... on level 2 of the Dungeon.
             The game lasted 00:00:31 (1430 turns).

kae the Ruffian (Draconian Transmuter)              Turns: 1430, Time: 00:00:32

Health: -2/29      AC:  5    Str: 12    XL:     3   Next: 7%
Magic:  5/6        EV: 12    Int: 14    God:
Gold:   17         SH:  0    Dex: 11    Spells: 5/6 levels left

rFire   . . .      SeeInvis .     - Unarmed
rCold   . . .      Faith    .   (no shield)
rNeg    . . .      Spirit   .   (armour unavailable)
rPois   .          Reflect  .   (helmet restricted)
rElec   .          Harm     .   (no cloak)
rCorr   .          Rampage  .   (no gloves)
Will    .....                   (no boots)
Stlth   +.........              (no amulet)
HPRegen 0.09/turn               (no ring)
MPRegen 0.10/turn               (no ring)

@: very slightly contaminated
A: AC +5, unfitting armour, cold-blooded
a: no special abilities


You were on level 2 of the Dungeon.
You visited 1 branch of the dungeon, and saw 2 of its levels.

You collected 17 gold pieces.

Inventory:

Scrolls
 c - 2 scrolls of identify {unknown}
Potions
 a - a potion of heal wounds {unknown}
 b - a potion of magic {unknown}


   Skills:
 + Level 1.9 Fighting
 - Level 1.7 Dodging
 * Level 3.6 Unarmed Combat
 - Level 2.0 Spellcasting
 + Level 2.4 Transmutations


You had 5 spell levels left.
You knew the following spells:

 Your Spells              Type           Power      Damage    Failure   Level
a - Beastly Appendage     Tmut           16%        N/A       9%          1

Your spell library contained the following spells:

 Spells                   Type           Power      Damage    Failure   Level
 Wereblood                Tmut           8%         N/A       13%         2
 Summon Small Mammal      Summ           4%         N/A       24%         1
 Spider Form              Tmut/Pois      2%         N/A       41%         3
 Call Canine Familiar     Summ           1%         N/A       56%         3
 Ozocubu's Armour         Ice            1%         N/A       56%         3
 Summon Guardian Golem    Hex/Summ       1%         N/A       56%         3
 Ice Form                 Ice/Tmut       4%         N/A       82%         4
 Ozocubu's Refrigeration  Ice            0%         4d5       100%        7


Dungeon Overview and Level Annotations

Branches:
Dungeon (2/15)

Altars:


Innate Abilities, Weirdness & Mutations

Your plain brown scales are hard. (AC +5)
You cannot fit into any form of body armour.
You are cold-blooded and may be slowed by cold attacks.


Message History

The hobgoblin is severely wounded.
A hobgoblin is nearby!
You closely miss the hobgoblin.
You tail-slap the hobgoblin, but do no damage.
The hobgoblin is severely wounded.
The hobgoblin barely misses you.
You hit the hobgoblin.
You kill the hobgoblin!
Magic restored.
Your transformation is almost over.
An iguana comes into view.
The iguana hisses angrily.
An iguana is nearby!
You barely miss the iguana. The iguana bites you.
An iguana is nearby!
Casting: Beastly Appendage (safe; 9% risk of failure)
Confirm with . or Enter, or press ? or * to list all spells.
You miscast Beastly Appendage.
You are very lightly contaminated with residual magic.
Nothing appears to happen.
Your horns disappear.
Your talons disappear.
The iguana bites you.
You hit the iguana but do no damage. The iguana bites you!
You are too injured to fight recklessly!
An iguana is nearby!
You are too injured to fight recklessly!
You are too injured to fight recklessly!
An iguana is nearby!
You are too injured to fight recklessly!
You are too injured to fight recklessly!
An iguana is nearby!
You hit the iguana but do no damage. Your punch misses the iguana.
The iguana barely misses you.
You hit the iguana. You tail-slap the iguana.
The iguana is moderately wounded.
The iguana barely misses you.
You hit the iguana.
The iguana is moderately wounded.
The iguana bites you!
You die...

#######..
#.....#..
##.###.#.. #..#
#.#.. . ######
#.## #.#..
..######....# #.#
#.###
............###.#
#....
.......#.#..##..#
#####
......l@....##.##
###
.......#.#.....#
##..
...........#####
#... ...........#
#.## ..........##
#.# ##........#
#.# ######.#.#
#.# ..#.. #.#
##.#. #.#


You could see an iguana.

Vanquished Creatures
  A dart slug (D:1)
  3 ball pythons (D:1)
  3 endoplasms (D:1)
  3 giant cockroaches (D:1)
  3 goblins (D:1)
  A hobgoblin (D:2)
  3 jackals (D:1)
  3 quokkas (D:1)
  2 bats (D:1)
  A frilled lizard (D:1)
  2 kobolds (D:1)
25 creatures vanquished.

Notes
Turn   | Place    | Note
-------+----------+-------------------------------------------
     0 | D:1      | kae the Draconian Transmuter began the quest for the Orb.
     0 | D:1      | Reached XP level 1. HP: 16/16 MP: 3/3
     3 | D:1      | Noticed an electric eel
     4 | D:1      | Noticed an electric eel
   233 | D:1      | Reached XP level 2. HP: 12/23 MP: 3/5
  1002 | D:1      | Reached XP level 3. HP: 23/29 MP: 4/6
  1430 | D:2      | Slain by an iguana

Illustrated notes

Levels and vault maps discovered:
D:1:      arrival_aquarium_b, layout_basic, roderic_lattice_a
D:2:      layout_basic, serial_co_window_serial, co_window_paths_b,
          co_window_paths_b, co_window_paths_a, co_window_paths_b,
          co_window_paths_a, co_window_broadway_c, co_window_broadway_b,
          co_window_unsneaky_path_a, co_window_corner_b, co_window_sun,
          glass_columns_a, glass_columns_a, glass_columns_a, glass_columns_a,
          glass_columns_a, serial_bayou_crossing

Action                   || total
-------------------------++-------
Melee: Unarmed           ||    73
       Headbutt          ||     8
       Kick              ||     8
       Tailslap          ||     7
       Punch             ||     1
 Cast: Beastly Appendage ||    12
Armor: Skin              ||    20
Dodge: Dodged            ||    41

Table legend: (Time is in decaauts)
 A = Elapsed time spent in this place.
 B = Non-inter-level travel time spent in this place.
 C = Inter-level travel time spent in this place.
 D = Time resting spent in this place.
 E = Time spent auto-exploring this place.
 F = Levels seen in this place.
 G = Mean time per level.
                   A        B        C        D        E       F      G
               +--------+--------+--------+--------+--------+-----+--------+
         Total |   1426 |   1397 |     29 |      0 |   1233 |   2 |  713.0 |
       Dungeon |   1426 |   1397 |     29 |      0 |   1233 |   2 |  713.0 |
               +--------+--------+--------+--------+--------+-----+--------+

Top non-repeatable levels by time:
     D:1: 1304 daAuts
     D:2: 122 daAuts
